 Dungeon Crawl Stone Soup version 0.24-a0-520-g8fd06ad0bc (webtiles) character file.

Game seed: 7492489993864833839

57 KristoblXynda the Slasher (level 3, 0/29 HPs)
             Began as a Draconian Skald on July 23, 2019.
             Slain by a gnoll
             ... wielding a +0 spear
              (4 damage)
             ... on level 2 of the Dungeon.
             The game lasted 00:01:57 (1212 turns).

KristoblXynda the Slasher (Draconian Skald)         Turns: 1212, Time: 00:01:57

Health: 0/29       AC:  5    Str: 13    XL:     3   Next: 73%
Magic:  3/6        EV: 12    Int: 14    God:
Gold:   49         SH:  0    Dex: 10    Spells: 2/6 levels left

rFire    . . .     SeeInvis .   a - +0 falchion
rCold    . . .     Gourm    .   (no shield)
rNeg     . . .     Faith    .   (armour unavailable)
rPois    .         Spirit   .   (helmet restricted)
rElec    .         Reflect  .   (no cloak)
rCorr    .         Harm     .   (no gloves)
MR       .....                  (no boots)
Stlth    +.........             (no amulet)
HPRegen  0.09/turn              (no ring)
MPRegen  0.10/turn              (no ring)

@: infused
A: unfitting armour, cold-blooded, AC +5
a: no special abilities


You were on level 2 of the Dungeon.
You were not hungry.

You visited 1 branch of the dungeon, and saw 2 of its levels.

You collected 49 gold pieces.

Inventory:

Hand Weapons
 a - a +0 falchion (weapon)
Scrolls
 d - a scroll of fear {unknown}
 e - a scroll of fog {unknown}
 f - a scroll of identify {unknown}
Potions
 b - 2 potions of flight {unknown}
 g - a potion of might {unknown}
 h - 3 potions of curing {unknown}
 i - a potion of ambrosia {unknown}
 j - a potion of lignification {unknown}
Comestibles
 c - 3 rations


   Skills:
 - Level 2.1 Fighting
 * Level 3.2 Long Blades
 + Level 2.6 Dodging
 - Level 2.0 Spellcasting
 + Level 3.1 Charms


You had 2 spell levels left.
You knew the following spells:

 Your Spells              Type           Power        Failure   Level  Hunger
a - Infusion              Chrm           ##..         6%          1    ##.....
b - Regeneration          Chrm/Necr      #.........   36%         3    ####...

Your spell library contained the following spells:

 Spells                   Type           Power        Failure   Level  Hunger
 Song of Slaying          Chrm           ##......     10%         2    ###....
 Shroud of Golubria       Chrm/Tloc      #.....       19%         2    ###....
 Spectral Weapon          Hex/Chrm       #.......     36%         3    ####...


Dungeon Overview and Level Annotations

Branches:
Dungeon (2/15)

Altars:


Innate Abilities, Weirdness & Mutations

Your plain brown scales are hard. (AC +5)
You cannot fit into any form of body armour.
You are cold-blooded and may be slowed by cold attacks.


Message History

You begin infusing your attacks with magical energy.
The gnoll misses you. The gnoll barely misses you.
You riposte.
You closely miss the gnoll. You hit the gnoll!
The gnoll is severely wounded.
The gnoll hits you but does no damage.
You closely miss the gnoll.
The gnoll is severely wounded.
The gnoll hits you with a +0 spear.
You hit the gnoll.
The gnoll is almost dead.
The gnoll completely misses you.
You closely miss the gnoll.
The gnoll is almost dead.
The gnoll hits you with a +0 spear!
* * * LOW HITPOINT WARNING * * *
You closely miss the gnoll.
The gnoll is almost dead.
The gnoll hits you with a +0 spear.
You die...

### ######
#.##########.##.#
#######.##.......g.g..##
#.......##.##########..##
#.#####.##....@gg.......#
#.# #.##########.....##
###.# ##.##.......#.###.#
....# #....g)g..#...# #.#
....# ###.#####.#######.#
....# #.#......†.g...)#
....######.##.##.#######.#
###......#g##.##.# #.#
....###.##g##.##.# #.#


You could see 2 gnolls.

Vanquished Creatures
  A gnoll (D:2)
  An ooze (D:1)
  A worm (D:2)
  2 dart slugs (D:1)
  6 bats
  3 goblins
  6 hobgoblins
  2 jackals (D:1)
  A ball python (D:1)
  3 frilled lizards (D:1)
  5 kobolds (D:1)
  5 rats
36 creatures vanquished.

Notes
Turn   | Place    | Note
-------+----------+-------------------------------------------
     0 | D:1      | KristoblXynda the Draconian Skald began the quest for the
                  | Orb.
     0 | D:1      | Reached XP level 1. HP: 17/17 MP: 3/3
   130 | D:1      | Reached XP level 2. HP: 20/24 MP: 5/5
   670 | D:1      | Reached XP level 3. HP: 23/29 MP: 6/6
   966 | D:1      | Learned a level 3 spell: Regeneration
  1212 | D:2      | Slain by a gnoll

Levels and vault maps discovered:
D:1:      kennysheep_arrival_forest, layout_loops_ring
D:2:      layout_basic

Skill      XL: |  1  2  3 |
---------------+----------+-----
Charms         | 3 |  3.1
Long Blades    | 3 |  3.2
Fighting       | |  2.1
Dodging        | |  2.6
Spellcasting   | |  2.0

Action                   || total
-------------------------++-------
Melee: Falchion          ||   107
       Tailslap          ||    10
 Cast: Infusion          ||     3
  Eat: Chunk             ||     1
Armor: Skin              ||    35
Dodge: Dodged            ||    88
       Rpst.: Falchion   ||    29

Table legend:
 A = Non-vault XP
 B = Vault XP
 C = Vault XP percentage of total XP
 D = Non-vault monster count
 E = Vault monster count
 F = Vault count percentage of total count
                 A         B        C        D         E       F
            +---------+---------+-------+---------+---------+-------
      Total |      82 |       0 |   0.0 |      36 |       0 |   0.0
            +---------+---------+-------+---------+---------+-------
        D:1 |      54 |       0 |   0.0 |      28 |       0 |   0.0
        D:2 |      28 |       0 |   0.0 |       8 |       0 |   0.0
            +---------+---------+-------+---------+---------+-------
